 Dungeon Crawl Stone Soup version 0.20-a0-509-ga2a529b (webtiles) character file.

23 M4edhros the Grave Robber (level 2, -13/18 HPs)
             Began as an Octopode Necromancer on Jan 22, 2017.
             Killed by divine providence
             ... invoked by an orc priest
              (17 damage)
             ... on level 3 of the Dungeon.
             The game lasted 00:01:45 (418 turns).

M4edhros the Grave Robber (Octopode Necromancer)     Turns: 418, Time: 00:01:45

Health: -13/18     AC:  1    Str:  7    XL:     2   Next: 95%
Magic:  5/5        EV: 10    Int: 17    God:
Gold:   42         SH:  0    Dex: 12    Spells: 4/5 levels left

rFire    . . .     SeeInvis .   i - +0 dagger (protect)
rCold    . . .     Gourm    .   g - +0 shield
rNeg     . . .     Faith    .   (helmet restricted)
rPois    .         Spirit   .   (no amulet)
rElec    .         Reflect  .   (no ring)
rCorr    .         Harm     .   (no ring)
MR       .....                  (no ring)
Stlth    ++........             (no ring)
Regen    0.1/turn               (no ring)
                                (no ring)
                                (no ring)
                                (no ring)

@: confused
A: almost no armour, stealthy swim, amphibious, 8 rings, constrict 8, camouflage
1, gelatinous body 1
a: no special abilities


You were on level 3 of the Dungeon.
You were not hungry.

You visited 1 branch of the dungeon, and saw 3 of its levels.

You collected 42 gold pieces.

Inventory:

Hand Weapons
 i - a +0 dagger of protection (weapon)
Armour
 g - a +0 shield (worn)
Jewellery
 k - an uncursed ring of ice
Scrolls
 c - 3 scrolls of remove curse
 d - a scroll of fog {unknown}
 h - a scroll of fear {unknown}
 l - a scroll of enchant weapon {unknown}
Potions
 j - a potion of curing {unknown}
 m - a potion of brilliance {unknown}
Books
 a - a book of Necromancy

   Spells                             Type                      Level
   a - Pain                           Necromancy                   1
   b - Animate Skeleton               Necromancy                   1
   c - Vampiric Draining              Necromancy                   3
   d - Regeneration                   Charms/Necromancy            3
   e - Animate Dead                   Necromancy                   4
   f - Control Undead                 Necromancy                   4
Comestibles
 b - 2 bread rations
 f - 3 meat rations


   Skills:
 + Level 0.8 Fighting
 + Level 2.1 Dodging
 - Level 2.6 Stealth
 * Level 1.0 Shields
 * Level 1.6 Unarmed Combat
 - Level 2.0 Spellcasting
 - Level 4.0 Necromancy


You had 4 spell levels left.
You knew the following spells:

 Your Spells              Type           Power        Failure   Level  Hunger
a - Pain                  Necr           ###.         24%         1    #......


Dungeon Overview and Level Annotations

Branches:
Dungeon (3/15)

Altars:
Nemelex Xobeh


Innate Abilities, Weirdness & Mutations

You cannot wear most types of armour.
You are very stealthy in the water. (Stealth+)
You are amphibious.
You can wear up to eight rings at the same time.
You can use your tentacles to constrict eight enemies at once.
Your skin changes colour to match your surroundings (Stealth+).
Your rubbery body absorbs attacks. (AC +1, EV +1)


Message History

You block the orc wizard's attack.
Unknown command.
It was a potion of ambrosia.
You are confused.
You feel invigorated. The orc wizard barely misses you.
You miss the orc wizard.
The orc wizard is lightly wounded.
The orc wizard barely misses you.
You bump into the rock wall.
The orc priest mumbles some strange prayers to Beogh against you.
Beogh smites you!
Ouch! That really hurt!
* * * LOW HITPOINT WARNING * * *
The orc wizard hits you with a dagger.
* * * LOW HITPOINT WARNING * * *
You're too confused to move!
The orc priest calls down the wrath of Beogh upon you.
Beogh smites you!
Ouch! That really hurt!
You die...

###.##.####......#
#....####......###
#...................
#.#########.....##.#
# #.....# # ###.#.#
#.#.# #.#.# #@# #o#
#o#


ooo ... ###.# .# .# You could see an orc priest, an orc wizard and 3 orcs.

Vanquished Creatures
  An adder (D:2)
  A ball python (D:3)
  2 bats (D:1)
  2 giant cockroaches
  3 goblins
  A kobold (D:2)
  2 rats (D:2)
12 creatures vanquished.

Notes
Turn   | Place    | Note
-------+----------+-------------------------------------------
     0 | D:1      | M4edhros the Octopode Necromancer began the quest for the Orb.
     0 | D:1      | Reached XP level 1. HP: 11/11 MP: 3/3
     5 | D:1      | Noticed a minotaur skeleton
    15 | D:1      | Noticed a minotaur skeleton
   187 | D:2      | Found a sparkling altar of Nemelex Xobeh.
   193 | D:2      | Reached skill level 1 in Unarmed Combat
   244 | D:2      | Reached XP level 2. HP: 14/18 MP: 5/5
   325 | D:1      | Reached skill level 1 in Shields
   418 | D:3      | Killed from afar by an orc priest

Vault maps used:
D:1:      shiori_arrival_whats_in_store_for_you
D:2:      nicolae_overflow_crystal_walls, first_bread,
          nicolae_dithmenos_through_a_glass_darkly
D:3:      ashenzari_altar_1, portal_sewer_entry_e

Skill      XL: |  1  2 |
---------------+-------+-----
Unarmed Combat | 1 |  1.6
Shields        | 1 |  1.0
Fighting       | |  0.8
Dodging        | |  2.1
Stealth        | |  2.6
Spellcasting   | |  2.0
Necromancy     | |  4.0

Action                   || total
-------------------------++-------
Melee: Unarmed           ||    12
       Constrict         ||     7
       Dagger            ||    13
       Tentacles         ||     4
  Use: Scroll            ||     1
       Potion            ||     1
 Stab: Sleeping          ||     6
Armor: Skin              ||     3
Dodge: Dodged            ||    10
Block: Shield            ||     3
